 Dungeon Crawl Stone Soup version 0.30-a0-341-g682706514a (webtiles) character file.

Game seed: 16957271472654440434

4529 retardedninja the Cleaver (level 10, -6/138 HPs)
             Began as a Hill Orc Fighter on Nov 3, 2022.
             Was an Initiate of Gozag.
             Mangled by a two-headed ogre
             ... wielding a +0 giant spiked club
              (25 damage)
             ... on level 8 of the Dungeon.
             The game lasted 00:12:14 (9505 turns).

retardedninja the Cleaver (Hill Orc Fighter)        Turns: 9505, Time: 00:12:15

Health: -6/138     AC: 21    Str: 24    XL:     10   Next: 39%
Magic:  10/10      EV:  7    Int:  8    God:    Gozag
Gold:   437        SH: 11    Dex: 16    Spells: 9/9 levels left

rFire   + . .      SeeInvis .    z - +1 broad axe
rCold   . . .      Faith    .    c - +0 buckler
rNeg    . . .      Spirit   .    I - +2 plate armour {rF+}
rPois   .          Reflect  +    H - +0 helmet
rElec   .          Harm     .    t - +0 cloak
rCorr   .          Rampage  .    x - +0 pair of gloves
Will    .....                    p - +0 pair of boots
Stlth   ..........               y - amulet of reflection
HPRegen 0.43/turn                v - +6 ring of dexterity
MPRegen 0.12/turn                (no ring)

@: berserking, about to teleport, very quick
A: no striking features
a: Renounce Religion, Potion Petition, Call Merchant, Bribe Branch


You were on level 8 of the Dungeon.
You worshipped Gozag.
Gozag was aware of your devotion.
You visited 1 branch of the dungeon, and saw 8 of its levels.

You collected 1244 gold pieces.
You spent 757 gold pieces at shops.
You paid 50 gold pieces to Gozag.

Inventory:

Hand Weapons
 z - a +1 broad axe (weapon)
Armour
 c - a +0 buckler (worn)
 p - a +0 pair of boots (worn)
 t - a +0 cloak (worn)
 x - a +0 pair of gloves (worn)
 H - a +0 helmet (worn)
 I - a +2 plate armour of fire resistance (worn)
Jewellery
 v - a +6 ring of dexterity (left hand)
 y - an amulet of reflection (around neck)
Wands
 B - a wand of mindburst (10)
 D - a wand of quicksilver (3)
 E - a wand of iceblast (11)
 G - a wand of charming (8)
Scrolls
 e - 3 scrolls of vulnerability
 k - 2 scrolls of teleportation
 n - a scroll of poison
Potions
 b - a potion of cancellation
 d - a potion of resistance
 f - 4 potions of attraction
 g - 2 potions of mutation
 i - 3 potions of brilliance
 l - 2 potions of magic
 m - a potion of flight {unknown}
 o - 3 potions of curing
 q - 4 potions of heal wounds {unknown}
 s - a potion of lignification {unknown}


   Skills:
 + Level 9.6 Fighting
 + Level 10.1 Axes
 + Level 8.9 Armour
 + Level 8.8 Shields


You had 9 spell levels left.
You didn't know any spells.
Your spell library contained the following spells:

 Spells                   Type           Power      Damage    Failure   Level
 Apportation              Tloc           0%         N/A       100%        1
 Ensorcelled Hibernation  Hex/Ice        0%         N/A       100%        2
 Passwall                 Tmut/Erth      0%         N/A       100%        2
 Frozen Ramparts          Ice            0%         1d1       100%        3
 Swiftness                Air            0%         N/A       100%        3
 Airstrike                Air            0%         2d(0-16)  100%        4
 Ice Form                 Ice/Tmut       0%         N/A       100%        4
 Summon Ice Beast         Ice/Summ       0%         N/A       100%        4
 Summon Lightning Spire   Summ/Air       0%         N/A       100%        4
 Alistair's Intoxication  Tmut/Pois      0%         N/A       100%        5
 Lightning Bolt           Conj/Air       0%         1d11      100%        5
 Summon Forest            Summ/Tloc      0%         N/A       100%        5
 Summon Mana Viper        Hex/Summ       0%         N/A       100%        5
 Summon Cactus Giant      Summ           0%         N/A       100%        6


Dungeon Overview and Level Annotations

Branches:
Dungeon (8/15)             Temple (0/1) D:4
   Lair: D:8-11

Altars:
Ashenzari
Cheibriados
Dithmenos
Gozag
Hepliaklqana
Makhleb
Wu Jian

Shops:
D:1 [   D:6 *

Annotations:
D:8 Joseph


Message History

The two-headed ogre shouts in stereo!
You hear a shout!
A two-headed ogre is nearby!
A two-headed ogre is nearby!
Okay, then.
The two-headed ogre hits you but does no damage. x2
You slice the two-headed ogre!!
The two-headed ogre is moderately wounded.
The two-headed ogre hits you with a +0 giant spiked club!
The two-headed ogre hits you but does no damage.
You slash the two-headed ogre!
The two-headed ogre is heavily wounded.
The two-headed ogre hits you with a +0 giant spiked club!!
The two-headed ogre hits you but does no damage.
You hit the two-headed ogre but do no damage.
The two-headed ogre is heavily wounded.
Joseph, a Mercenary comes into view.
He is wielding a +0 quarterstaff.
Joseph shouts!
You slash the two-headed ogre!
The two-headed ogre is almost dead.
The two-headed ogre hits you with a +0 giant spiked club!
The two-headed ogre barely misses you.
Joseph unwields a +0 quarterstaff.
Joseph wields a +0 sling.
Joseph shoots a sling bullet.
The sling bullet hits you.
You feel better.
The two-headed ogre hits you with a +0 giant spiked club!!
The two-headed ogre hits you with a +0 giant club!
* * * LOW HITPOINT WARNING * * *
Joseph shoots a sling bullet.
You reflect the sling bullet off an invisible shield around you!
The sling bullet hits Joseph!
As you read the scroll of teleportation, it crumbles to dust.
You feel strangely unstable.
Joseph shoots a sling bullet.
The sling bullet hits you!
* * * LOW HITPOINT WARNING * * *
Okay, then.
A red film seems to cover your vision as you go berserk!
You feel yourself moving faster!
You feel mighty!
The two-headed ogre hits you with a +0 giant spiked club!!
You die...
Your body crumbles into a pile of gold.

........@ .......
..# ...........
.......... ..
#...#.....
...###...#....#
...............
..........O@.......
..#.....###..#.....
..... ##..# ...# ..
#... #...#....#
..[#...####.........
#..#...#.##..##....#
...................#
$
#........##.#..#....
#..#........#.###.##


You could see Joseph and a two-headed ogre.

Vanquished Creatures
  The ghost of NinjaNoafa the Slicer, a novice MfGl of Uskayaw (D:6)
  Prince Ribbit (D:7)
  4 yaks (D:7)
  Menkaure (D:5)
  3 water moccasins
  An orc warrior (D:8)
  2 black bears
  An ice beast (D:7)
  2 sky beasts
  6 ogres
  A phantom (D:6)
  A kobold brigand (D:7)
  6 scorpions
  4 necrophages
  5 killer bees
  A howler monkey (D:5)
  6 hounds
  3 orc priests
  A jelly (D:6)
  Crazy Yiuf (D:3)
  A gnoll bouda (D:5)
  3 orc wizards
  Robin (D:2)
  9 gnolls
  8 adders
  A shadow imp (D:7)
  3 white imps
  4 worms
  2 dart slugs (D:1)
  23 orcs
  7 ball pythons
  4 bats
  7 endoplasms
  3 giant cockroaches (D:1)
  10 goblins
  13 hobgoblins
  3 jackals (D:1)
  4 quokkas
  4 frilled lizards
  7 kobolds
  3 rats
171 creatures vanquished.

Notes
Turn   | Place    | Note
-------+----------+-------------------------------------------
     0 | D:1      | retardedninja the Hill Orc Fighter began the quest for the
                  | Orb.
     0 | D:1      | Reached XP level 1. HP: 19/19 MP: 1/1
    28 | D:1      | Reached skill level 3 in Axes
    28 | D:1      | Reached XP level 2. HP: 18/27 MP: 2/2
    75 | D:1      | Found Ycriaris's Armour Shop.
   209 | D:1      | Found a faded altar of an unknown god.
   315 | D:1      | Reached XP level 3. HP: 33/33 MP: 3/3
   937 | D:2      | Reached XP level 4. HP: 39/40 MP: 4/4
  1086 | D:2      | Noticed Robin
  1098 | D:2      | Killed Robin
  1534 | D:3      | Found an ornate altar of the Wu Jian Council.
  1534 | D:3      | Found a snail-covered altar of Cheibriados.
  1535 | D:3      | Found a shadowy altar of Dithmenos.
  1539 | D:3      | Found an opulent altar of Gozag.
  1554 | D:3      | Became a worshipper of Gozag Ym Sagoz the Greedy
  1575 | D:3      | Found a burning altar of Makhleb.
  1798 | D:3      | Found a runed translucent door.
  1799 | D:3      | Noticed Crazy Yiuf
  1888 | D:3      | Reached skill level 4 in Axes
  2074 | D:3      | Found a hazy altar of Hepliaklqana.
  2107 | D:3      | Reached XP level 5. HP: 36/47 MP: 5/5
  2525 | D:3      | Killed Crazy Yiuf
  2780 | D:4      | Reached skill level 5 in Fighting
  2780 | D:4      | Reached XP level 6. HP: 56/56 MP: 6/6
  2888 | D:4      | Noticed a water moccasin
  2894 | D:4      | Killed a water moccasin
  2895 | D:4      | Reached skill level 5 in Axes
  2912 | D:4      | Found a staircase to the Ecumenical Temple.
  2941 | D:4      | Identified the +0 leather armour of Ru's Grace {rPois
                  | Int+4}
  3135 | D:4      | Reached skill level 5 in Armour
  3135 | D:4      | Reached skill level 5 in Shields
  3165 | D:4      | Reached XP level 7. HP: 57/61 MP: 7/7
  3393 | D:5      | Entered Level 5 of the Dungeon
  3590 | D:5      | Reached skill level 6 in Axes
  3652 | D:5      | Reached XP level 8. HP: 69/71 MP: 8/8
  4194 | D:5      | Reached skill level 7 in Axes
  4404 | D:5      | Noticed Menkaure
  4416 | D:5      | Killed Menkaure
  4946 | D:6      | Found Utyg's Assorted Antiques.
  4979 | D:6      | Bought a shiny chain mail for 142 gold pieces
  4979 | D:6      | Bought a thick ruby amulet for 95 gold pieces
  5009 | D:6      | Reached XP level 9. HP: 67/79 MP: 9/9
  5189 | D:6      | Reached skill level 8 in Axes
  6144 | D:6      | Found a broken altar of Ashenzari.
  6151 | D:6      | Found a runed translucent door.
  6276 | D:6      | Noticed NinjaNoafa's ghost (novice MfGl)
  6296 | D:6      | Killed NinjaNoafa's ghost
  6297 | D:6      | Reached skill level 9 in Axes
  7021 | D:7      | Reached XP level 10. HP: 51/91 MP: 10/10
  7643 | D:1      | Bought a +2 plate armour of fire resistance for 520 gold
                  | pieces
  8231 | D:7      | Noticed Prince Ribbit
  8245 | D:7      | Killed Prince Ribbit
  8246 | D:7      | Reached skill level 10 in Axes
  9497 | D:8      | Noticed a two-headed ogre
  9501 | D:8      | Noticed Joseph
  9505 | D:8      | Mangled by a two-headed ogre

Illustrated notes

Levels and vault maps discovered:
D:1:      minmay_arrival_four_loops, layout_basic,
          dreamdust_ecumenical_altar_angels_and_demons, serial_shops, shop,
          minmay_pentomino_v4
D:2:      layout_loops_ring, wad_floor_pattern_untrapped,
          minmay_split_cup_small, uniq_robin
D:3:      minmay_recursive_quarters, layout_basic,
          mainiacjoe_overflow_small_starburst, grunt_temple_overflow_open,
          bloody_makhleb, minmay_crystal_water, uniq_crazy_yiuf_cottage
D:4:      layout_basic, minmay_temple_entry_waves
D:5:      layout_rooms, minmay_misc_feat_encased, minmay_between, uniq_menkaure
D:6:      layout_loops_cross, mainiacjoe_overflow_concentric_impassable,
          ebering_ghost_reflecting_pool, serial_shops, nicolae_stop_n_shop_2,
          grunt_ministairs_1, kennysheep_generic_room_10
D:7:      layout_basic, uniq_prince_ribbit1
D:8:      layout_basic, grunt_ministairs_12, uniq_joseph

Skill      XL: |  1  2  3  4  5  6  7  8  9 10 |
---------------+-------------------------------+-----
Axes           | 3 4 5 6 7 9 10 | 10.1
Fighting       | 4 5 6 7 9 |  9.6
Armour         | 4 5 7 8 |  8.9
Shields        | 4 5 7 8 |  8.8

Action                   |  1- 3 |  4- 6 |  7- 9 | 10-12 || total
-------------------------+-------+-------+-------+-------++-------
Melee: War axe           |    72 |   184 |   179 |       ||   435
       Broad axe         |       |       |   121 |    77 ||   198
  Use: Scroll            |       |     5 |       |    13 ||    18
       Potion            |       |     2 |     1 |     2 ||     5
 Stab: Distracted        |       |     1 |     1 |     1 ||     3
Armor: Scale mail        |    48 |       |       |       ||    48
       Chain mail        |       |   115 |   147 |     4 ||   266
       Plate armour      |       |       |       |    45 ||    45
Dodge: Dodged            |    49 |    52 |    88 |    21 ||   210
Block: Buckler           |    22 |    29 |   102 |    43 ||   196
       Reflection        |       |       |       |     3 ||     3

Table legend: (Time is in decaauts)
 A = Elapsed time spent in this place.
 B = Non-inter-level travel time spent in this place.
 C = Inter-level travel time spent in this place.
 D = Time resting spent in this place.
 E = Time spent auto-exploring this place.
 F = Levels seen in this place.
 G = Mean time per level.
                   A        B        C        D        E       F      G
               +--------+--------+--------+--------+--------+-----+--------+
         Total |   9682 |   8953 |    729 |   2911 |   4503 |   8 | 1210.2 |
       Dungeon |   9682 |   8953 |    729 |   2911 |   4503 |   8 | 1210.2 |
               +--------+--------+--------+--------+--------+-----+--------+

Top non-repeatable levels by time:
     D:7: 2313 daAuts
     D:5: 1793 daAuts
     D:6: 1551 daAuts
     D:3: 1352 daAuts
     D:2: 921 daAuts
     D:4: 864 daAuts
     D:1: 782 daAuts
     D:8: 103 daAuts
